Cogmind - Beta 14 @@@ ROGUE MODE // 2024.11.17 @ 17:21:57 Player: Fangrelle Result: Self-destructed Performance ------------- Evolutions (2) 1000 Regions Visited (7) 1400 Robots Destroyed (84) 420 Value Destroyed (1847) 1847 Prototype IDs (27) 540 Alien Tech Used (0) 0 Bonus (371) 371 TOTAL SCORE: 5578 Bonus ------- High Alert Combat Kills 109 Aligned with FarCom 300 Friendly Fire -38 Cogmind --------- Core Integrity 532/550 Matter 92/300 Energy 240/240 System Corruption 0% Temperature Cool (0) Movement Core (1900) Ox37 Location -8/Materials Parts ------- > --- POWER (1) -------- Nuclear Core > --- PROPULSION (4) --- Light Treads Armored Treads > --- UTILITY (4) ------ Huge Storage Unit Medium Armor Plating Medium Armor Plating Medium Armor Plating > --- WEAPON (2) ------- Maul Maul > --- INVENTORY (25) --- Nuclear Core Cesium-ion Thruster Heat Sink Heat Sink High-capacity Storage Unit High-capacity Storage Unit High-capacity Matter Pod (200) High-capacity Matter Pod (200) Advanced Weight Redist. System Sensor Array Improved Targeting Computer Advanced Targeting Computer ECM Suite Cloak of Protection Improved Propulsion Shielding Improved Utility Shielding Improved Light Armor Plating Improved Light Armor Plating Hacking Suite Hacking Suite Thief Drone Bay (3/3) Spread Laser High-powered Shotgun Rocket Launcher Rocket Launcher Peak State ------------ > --- POWER ------------ Nuclear Core > --- PROPULSION ------- Light Treads Armored Treads Armored Treads Aerolev Unit > --- UTILITY ---------- Huge Storage Unit Medium Armor Plating Medium Armor Plating Medium Armor Plating > --- WEAPON ----------- Maul Maul > --- INVENTORY -------- Nuclear Core Cesium-ion Thruster Heat Sink Heat Sink High-capacity Storage Unit High-capacity Storage Unit High-capacity Matter Pod High-capacity Matter Pod Advanced Weight Redist. System Sensor Array Improved Targeting Computer Advanced Targeting Computer ECM Suite Cloak of Protection Improved Propulsion Shielding Improved Utility Shielding Hacking Suite Hacking Suite Thief Drone Bay Spread Laser High-powered Shotgun Rocket Launcher Rocket Launcher [Rating: 30] Favorites ----------- Power Heavy Ion Engine Engine Heavy Ion Engine Power Core Nuclear Core Propulsion Light Treads Treads Light Treads Leg Aluminum Leg Hover Unit Aerolev Unit Utility Improved Utility Shielding Device Seismic Detector Storage Large Storage Unit Protection Improved Utility Shielding Weapon Spread Laser Energy Gun Spread Laser Energy Cannon Beam Cannon Ballistic Gun High-powered Shotgun Launcher Rocket Launcher Impact Weapon Maul Build | -11 -10 -10 -9 -9 -9 -8 -8 ------- Run | Yrd Mat Min Mat Min Exi Min Mat Slots Evolved 4 | . . . 2 . . . 2 Power . | . . . . . . . . Propulsion 2 | . . . . . . . 2 Utility 2 | . . . 2 . . . . Weapon . | . . . . . . . . Parts Attached 46 | . 6 7 11 3 1 7 11 Power 4 | . 1 1 1 . . 1 . Engine 2 | . 1 . 1 . . . . Core 2 | . . 1 . . . 1 . Reactor . | . . . . . . . . Propulsion 9 | . 2 3 1 . . 1 2 Treads 8 | . 2 3 1 . . 1 1 Leg . | . . . . . . . . Wheel . | . . . . . . . . Hover 1 | . . . . . . . 1 Flight . | . . . . . . . . Utility 18 | . 2 1 6 2 1 1 5 Device 6 | . 1 . 4 . . . 1 Storage 3 | . 1 . . . 1 . 1 Processor . | . . . . . . . . Hackware . | . . . . . . . . Protection 9 | . . 1 2 2 . 1 3 Artifact . | . . . . . . . . Weapon 15 | . 1 2 3 1 . 4 4 Energy Gun 4 | . . . . 1 . 2 1 Energy Cannon 1 | . . . 1 . . . . Ballistic Gun 6 | . 1 2 2 . . . 1 Ballistic Cannon . | . . . . . . . . Launcher 2 | . . . . . . 2 . Special Weapon . | . . . . . . . . Impact Weapon 2 | . . . . . . . 2 Slashing Weapon . | . . . . . . . . Piercing Weapon . | . . . . . . . . Special Melee Weapon . | . . . . . . . . Unidentified Prototypes 4 | . . . 1 . . . 3 Parts Lost 18 | . 1 2 7 . . 7 1 Power 1 | . . . . . . 1 . Propulsion 5 | . . 2 1 . . 1 1 Utility 7 | . . . 4 . . 3 . Weapon 5 | . 1 . 2 . . 2 . Highest Loss Streak 4 | . 1 2 4 . . 3 1 To Critical Strikes . | . . . . . . . . Average Slot Usage (%) 93 | . 97 99 93 100 100 82 88 Engine 7 | . 14 10 9 11 11 2 . Core 2 | . . 3 1 . . 3 9 Treads 23 | . 28 27 21 22 22 21 26 Device 6 | . 10 10 26 4 . . . Storage 11 | . 15 14 11 11 11 11 9 Protection 18 | . . 3 5 28 33 23 26 Energy Gun 7 | . 25 1 . 11 11 10 1 Ballistic Gun 9 | . 2 26 11 11 11 . 1 Launcher 2 | . . . . . . 10 . Impact Weapon 1 | . . . . . . . 14 Peak Build Rating 30 | . 7 16 19 24 25 26 30 Average Rating 19 | . 6 9 18 23 24 20 26 On Entrance 15 | 6 6 7 16 19 24 25 19 Naked Turns . | . . . . . . . . Heaviest Build 114 | 13 33 34 40 43 63 64 114 Greatest Support 60 | 20 40 42 42 40 40 40 60 Greatest Overweight (x) 37 | . . 1 1 1 1 1 37 Average Overweight (x) . | . . . . . 1 1 7 Largest Inventory Capacity 25 | . 15 15 15 15 20 20 25 Average Capacity 17 | . 14 15 15 15 18 20 24 Most Carried 25 | . 7 15 15 15 18 20 25 Average Carried 15 | . 4 11 13 14 16 18 22 Final Capacity 25 | 8 15 15 15 15 20 20 25 Final Carried 25 | 6 7 15 15 15 18 17 25 Class Distribution -------------------- 100% | Mutant Dominant Class ---------------- Mutant | -10/Materials Mutant | -10/Mines Mutant | -9/Materials Mutant | -9/Mines Mutant | -9/Exiles Mutant | -8/Mines Mutant | -8/Materials Resources | -11 -10 -10 -9 -9 -9 -8 -8 ----------- Run | Yrd Mat Min Mat Min Exi Min Mat Matter Collected 1578 | 200 136 454 417 88 . 283 . Remotely . | . . . . . . . . Salvage Created 2297 | . 444 214 1055 123 . 397 64 Parts 152 | . 18 18 69 12 . 31 4 Haulers Intercepted 4 | . 2 . 2 . . . . Recyclers Shooed 4 | . . 1 2 1 . . . Parts Field Recycled . | . . . . . . . . Retrieved Matter . | . . . . . . . . Parts Self-Destructed . | . . . . . . . . Prevented . | . . . . . . . . Kills | -11 -10 -10 -9 -9 -9 -8 -8 ------- Run | Yrd Mat Min Mat Min Exi Min Mat Combat Hostiles Destroyed 57 | . 4 4 27 5 . 16 1 Guns 33 | . 3 4 16 5 . 4 1 Cannons 11 | . . . 11 . . . . AOE 13 | . 1 . . . . 12 . Classes Destroyed 12 | . 5 3 4 . . . . Worker 5 | . . 1 . . . 4 . Builder 4 | . 2 . . . . 2 . Tunneler 3 | . . 1 1 1 . . . Hauler 4 | . 2 . 2 . . . . Recycler 3 | . 1 1 . . . 1 . Mechanic 1 | . 1 . . . . . . Operator 3 | . . . 3 . . . . Watcher 4 | . . . 3 . . . 1 Swarmer 25 | . . 3 12 3 . 7 . Grunt 26 | . 4 1 9 2 . 9 1 Duelist 1 | . . . 1 . . . . Sentry 5 | . . . 5 . . . . Best Kill Streak 13 | . 5 1 13 4 . 9 1 Combat Bots Only 11 | . 2 1 11 3 . 4 1 Max Kills in Single Turn 5 | . 2 1 1 2 . 5 1 Gunslinging 1 | . . . . 1 . . . Exploded 1 | . 1 . . . . 1 . Melee . | . . . . . . . . Uniques/NPCs Destroyed . | . . . . . . . . Combat | -11 -10 -10 -9 -9 -9 -8 -8 -------- Run | Yrd Mat Min Mat Min Exi Min Mat Hostile Shots Fired 356 | . 43 49 143 33 . 67 21 Missed 94 | . 13 15 36 9 . 17 4 Damage Taken 3118 | . 373 297 963 293 . 884 308 Core 555 | . 86 52 149 10 . 240 18 Absorbed by Shields 262 | . . . 262 . . . . Redirected to Shielding 221 | . . . . 27 . 194 . Core Remaining (%) 48 | 100 . 44 . . . . . Volleys Fired 222 | . 41 31 91 10 . 38 11 Largest 2 | . 2 2 2 2 . 2 2 Hottest 98 | . 80 60 85 90 . 98 81 Shots Fired 403 | . 81 62 155 19 . 67 19 Gun 320 | . 81 62 95 19 . 44 19 Cannon 60 | . . . 60 . . . . Launcher 23 | . . . . . . 23 . Special . | . . . . . . . . Kinetic 183 | . 14 42 95 10 . 11 11 Thermal 171 | . 41 20 60 9 . 33 8 Explosive 23 | . . . . . . 23 . Electromagnetic 26 | . 26 . . . . . . Robot Hit Streak 21 | . 6 14 21 8 . 7 3 Robot Miss Streak 7 | . 4 7 4 7 . 6 5 Penetration Max . | . . . . . . . . Secondary Targets 3 | . 1 1 . 1 . . . Max Gunslinging Chain 1 | . 1 1 . 1 . . . Shots Hit Robots 253 | . 50 35 97 16 . 40 15 Core Hits 170 | . 18 16 47 14 . 69 6 Critical Kills 1 | . . . 1 . . . . Critical Parts Destroyed 1 | . . . . . . . 1 Critical Strikes 3 | . . . 1 . . . 2 Burn 1 | . . . . . . . 1 Destroy 1 | . . . 1 . . . . Smash 1 | . . . . . . . 1 Melee Attacks 3 | . . . . . . . 3 Impact 3 | . . . . . . . 3 Slashing . | . . . . . . . . Piercing . | . . . . . . . . Sneak Attacks . | . . . . . . . . Combat Hostiles . | . . . . . . . . Follow-up Attacks . | . . . . . . . . Damage Inflicted 4896 | . 695 315 1685 284 . 1660 257 Guns 2709 | . 543 315 937 246 . 478 190 Cannons 703 | . . . 703 . . . . Explosions 1379 | . 152 . 45 . . 1182 . Melee 67 | . . . . . . . 67 Ramming 38 | . . . . 38 . . . Kinetic 1708 | . 82 233 937 166 . 186 104 Thermal 1701 | . 413 82 748 80 . 292 86 Explosive 1182 | . . . . . . 1182 . Electromagnetic 200 | . 200 . . . . . . Impact 67 | . . . . . . . 67 Slashing . | . . . . . . . . Piercing . | . . . . . . . . Highest Corruption . | . . . . . . . . Average Corruption . | . . . . . . . . Corruption Purged . | . . . . . . . . Corruption Blocked . | . . . . . . . . Overload Shots . | . . . . . . . . Overflow Damage 47 | . . . . . . 18 29 Projectiles . | . . . . . . . . Explosions 18 | . . . . . . 18 . Melee 29 | . . . . . . . 29 Knockbacks . | . . . . . . . . Impact . | . . . . . . . . Kinetic . | . . . . . . . . Secondary . | . . . . . . . . Self-Inflicted Damage 195 | . . . 5 . . 190 . Shots 7 | . . . 1 . . 6 . Rammed 3 | . . . . 3 . . . Targets Rammed 4 | . . . . 3 . 1 . Kicked . | . . . . . . . . Crushed 1 | . . . . . . 1 . Highest Temperature 406 | . 218 80 339 198 . 406 353 Average Temperature 98 | . 88 35 88 73 . 132 182 Received Heat Transfer 1055 | . 201 48 287 51 . 351 117 Effects 5 | . 3 . . . . 1 1 Shutdowns 1 | . . . . . . . 1 Interference 4 | . 3 . . . . 1 . Siege Activations . | . . . . . . . . Robots Corrupted . | . . . . . . . . Combat Hostiles . | . . . . . . . . Parts Fried . | . . . . . . . . Impact Corruptions 1 | . . . . . . . 1 Robots Melted . | . . . . . . . . Combat Hostiles . | . . . . . . . . Parts Melted 6 | . . . 6 . . . . Heat Transferred 3189 | . 750 175 1530 105 . 370 259 Parts Sabotaged . | . . . . . . . . Parts Stolen . | . . . . . . . . Parts Stripped . | . . . . . . . . Power Chain Reactions 2 | . 2 . . . . . . Alert | -11 -10 -10 -9 -9 -9 -8 -8 ------- Run | Yrd Mat Min Mat Min Exi Min Mat Peak Influence 612 | . 154 150 612 223 . 146 98 Initial 208 | . . 60 . 208 . . 35 Average 104 | . 54 29 430 51 . 77 42 Maximum Alert Level 2 | . . . 2 1 . . . Low Security (%) 83 | . 100 100 13 76 . 100 100 Level 1 6 | . . . 13 23 . . . Level 2 9 | . . . 72 . . . . Level 3 . | . . . . . . . . Level 4 . | . . . . . . . . Level 5 . | . . . . . . . . High Security . | . . . . . . . . Max Security . | . . . . . . . . Squads Dispatched 8 | . . 1 7 . . . . Investigation 4 | . . 1 3 . . . . Extermination . | . . . . . . . . Reinforcement 4 | . . . 4 . . . . Assault . | . . . . . . . . Garrison . | . . . . . . . . Intercept . | . . . . . . . . Searches Triggered . | . . . . . . . . Construction Impeded . | . . . . . . . . Haulers Reinforced . | . . . . . . . . Active Scanning Responses . | . . . . . . . . Cargo Convoy Interrupts . | . . . . . . . . Stealth | -11 -10 -10 -9 -9 -9 -8 -8 --------- Run | Yrd Mat Min Mat Min Exi Min Mat Distress Signals 4 | . 1 . 1 . . 1 1 Communications Jammed . | . . . . . . . . Distress Signals . | . . . . . . . . Times Spotted 97 | . 11 7 46 12 . 17 4 Peak Tracking Total 17 | . 3 3 6 17 . 4 2 Tactical Retreats 8 | . 2 1 3 1 . 1 . Traps | -11 -10 -10 -9 -9 -9 -8 -8 ------- Run | Yrd Mat Min Mat Min Exi Min Mat Traps Triggered 2 | . 1 . 1 . . . . Indirectly . | . . . . . . . . Trap Hack Attempts . | . . . . . . . . Triggered . | . . . . . . . . Disarmed . | . . . . . . . . Reprogrammed . | . . . . . . . . Reused . | . . . . . . . . Traps Extracted . | . . . . . . . . Installed . | . . . . . . . . Triggered . | . . . . . . . . Machines | -11 -10 -10 -9 -9 -9 -8 -8 ---------- Run | Yrd Mat Min Mat Min Exi Min Mat Machines Disabled 7 | . . . 4 1 . 1 1 Max in Single Turn 4 | . . . 4 1 . 1 1 Machines Repaired . | . . . . . . . . Machines Dismantled . | . . . . . . . . Machines Sabotaged . | . . . . . . . . Overloaded Fab Kills . | . . . . . . . . Hacking | -11 -10 -10 -9 -9 -9 -8 -8 --------- Run | Yrd Mat Min Mat Min Exi Min Mat Machines Accessed 11 | . 1 1 5 1 2 . 1 Terminals 6 | . 1 . 4 . . . 1 Fabricators . | . . . . . . . . Repair Stations . | . . . . . . . . Recycling Units 1 | . . . 1 . . . . Scanalyzers . | . . . . . . . . Garrison Access . | . . . . . . . . Total Hacks 26 | . 2 1 13 1 5 . 4 Successful 15 | . 1 1 5 1 5 . 2 Failed 11 | . 1 . 8 . . . 2 Catastrophic 3 | . . . 3 . . . . Database Lockouts . | . . . . . . . . Manual 18 | . 2 . 11 . 1 . 4 Terminals 15 | . 2 . 9 . . . 4 Fabricators . | . . . . . . . . Repair Stations . | . . . . . . . . Recycling Units 4 | . . . 4 . . . . Scanalyzers . | . . . . . . . . Garrison Access . | . . . . . . . . Terminal Hacks 8 | . . 1 1 1 5 . . Record 4 | . . . . . 4 . . Open Door 2 | . . 1 . 1 . . . Branch Access Points 1 | . . . 1 . . . . Derelict Proto ID Bank 1 | . . . . . 1 . . Fabricator Hacks . | . . . . . . . . Repair Station Hacks . | . . . . . . . . Recycling Unit Hacks 2 | . . . 2 . . . . Report Inventory 1 | . . . 1 . . . . Retrieve Components 1 | . . . 1 . . . . Scanalyzer . | . . . . . . . . Garrison Access Hacks . | . . . . . . . . Unauthorized Hacks 5 | . 1 . 2 . . . 2 Terminals 4 | . 1 . 1 . . . 2 Assimilate 1 | . . . . . . . 1 Botnet 3 | . 1 . 1 . . . 1 Fabricators . | . . . . . . . . Repair Stations . | . . . . . . . . Recycling Units 1 | . . . 1 . . . . Tunnel 1 | . . . 1 . . . . Scanalyzers . | . . . . . . . . Garrison Access . | . . . . . . . . Data Cores Recovered . | . . . . . . . . Used . | . . . . . . . . Hacking Detections 7 | . 1 . 5 . . . 1 Full Trace Events . | . . . . . . . . Feedback Events . | . . . . . . . . Feedback Blocked . | . . . . . . . . Robot Schematics Acquired . | . . . . . . . . Robots Built . | . . . . . . . . Authchips . | . . . . . . . . Time . | . . . . . . . . Total Robot Build Rating . | . . . . . . . . Part Schematics Acquired . | . . . . . . . . Parts Built . | . . . . . . . . Authchips . | . . . . . . . . Time . | . . . . . . . . Total Part Build Rating . | . . . . . . . . Parts Repaired . | . . . . . . . . Time . | . . . . . . . . Parts Recycled . | . . . . . . . . Recycled Matter . | . . . . . . . . Retrieved Matter . | . . . . . . . . Retrieved Components 2 | . . . 2 . . . . Parts Scanalyzed . | . . . . . . . . Part Schematics Acquired . | . . . . . . . . Parts Damaged . | . . . . . . . . Bothacking | -11 -10 -10 -9 -9 -9 -8 -8 ------------ Run | Yrd Mat Min Mat Min Exi Min Mat Used RIF Installer . | . . . . . . . . Robots Hacked . | . . . . . . . . Non-combat . | . . . . . . . . Combat . | . . . . . . . . Robot Hacks Applied . | . . . . . . . . Relay Couplers Released . | . . . . . . . . Fabnet Peak Effective % . | . . . . . . . . Robots Rewired . | . . . . . . . . Allies Hacked . | . . . . . . . . Hacks Repelled . | . . . . . . . . Allies | -11 -10 -10 -9 -9 -9 -8 -8 -------- Run | Yrd Mat Min Mat Min Exi Min Mat Total Allies 1 | . . . . 1 . . . Largest Group 1 | . . . . 1 . . . Highest-Rated Group 31 | . . . . 31 . . . Highest-Rated Ally 31 | . . . . 31 . . . Total Orders . | . . . . . . . . Ally Attacks 11 | . . . . 11 . . . Total Damage 166 | . . . . 166 . . . Kills 2 | . . . . 2 . . . Allies Corrupted . | . . . . . . . . Allies Melted . | . . . . . . . . Intel | -11 -10 -10 -9 -9 -9 -8 -8 ------- Run | Yrd Mat Min Mat Min Exi Min Mat Robot Analysis Total . | . . . . . . . . Derelict Logs Recovered 2 | . . 1 . 1 . . . Drone Launches . | . . . . . . . . Drone Recoveries . | . . . . . . . . Exploration | -11 -10 -10 -9 -9 -9 -8 -8 ------------- Run | Yrd Mat Min Mat Min Exi Min Mat Turns Passed 8676 | . 390 1632 1033 1707 907 2286 721 Spaces Moved 3613 | 1 155 897 459 738 369 874 120 Core 22 | . . . . . . . 22 Treads 3590 | . 155 897 459 738 369 874 98 Legs 1 | 1 . . . . . . . Wheels . | . . . . . . . . Hover . | . . . . . . . . Flight . | . . . . . . . . Fastest Speed 120 | 120 160 157 157 165 245 245 166 Average Speed 214 | 120 160 159 159 222 245 245 542 Slowest Speed 1900 | 120 160 240 250 245 245 245 1900 Overloaded Moves . | . . . . . . . . Propulsion Burnouts . | . . . . . . . . Robots Hopped . | . . . . . . . . Cave-ins Triggered . | . . . . . . . . Exploration Rate (%) 56 | 2 25 100 53 99 69 94 8 Regions Visited 7 Branch Regions 4 Pre-discovered Areas 3 | . . 1 1 . 1 . . Known Exits Taken 1 | . . . 1 . . . . Unknown Exits Taken 6 | 1 1 1 . 1 1 1 . Scrap Searched 5 | . . 1 . 3 . 1 . Spaces Dug 84 | . . . . . . 84 . Terrain Destroyed 267 | . 8 . 38 . . 221 . Melee . | . . . . . . . . Projectile . | . . . . . . . . AOE 267 | . 8 . 38 . . 221 . Terrain Rammed . | . . . . . . . . Walls Destroyed . | . . . . . . . . Machines Disabled . | . . . . . . . . Actions | -11 -10 -10 -9 -9 -9 -8 -8 --------- Run | Yrd Mat Min Mat Min Exi Min Mat Total 4148 | . 219 1040 619 782 373 951 164 Wait 191 | . 10 100 29 24 . 28 . Move 3606 | . 154 896 458 737 368 873 120 Hop . | . . . . . . . . Pick Up 45 | . 4 5 17 3 3 3 10 Fast Attach 16 | . 2 2 4 . . 1 7 Attach 16 | . 3 1 5 1 . 5 1 Detach 5 | . . 1 . . . 1 3 Swap 14 | . 1 4 2 2 1 1 3 Drop 26 | . 4 . 13 2 1 . 6 Fire 222 | . 41 31 91 10 . 38 11 Melee 3 | . . . . . . . 3 Ram . | . . . . . . . . Kick . | . . . . . . . . Crush 4 | . . . . 3 . 1 . Escape Stasis . | . . . . . . . . Rewire . | . . . . . . . . Trap . | . . . . . . . . Miscellaneous . | . . . . . . . . Route ------- -11/Scrapyard -10/Materials -10/Mines (discovered 3 exits: *Mat x2 / [*Sub]) -9/Materials (discovered 2 exits: *Mat / *Min) -9/Mines (discovered 3 exits: *Mat x2 / *Exi) -9/Exiles -8/Mines (discovered 2 exits: *Mat x2) -8/Materials History --------- Turn | Location | Event 1 | -11/Scrapyard | Discovered new exit (range 0) 1 | -11/Scrapyard | Entered Materials 105 | -10/Materials | Discovered new exit (range 14) 313 | -10/Materials | Build established: Mutant 391 | -10/Materials | Entered Mines 546 | -10/Mines | Core integrity fell below 50% 613 | -10/Mines | Learned location of Zion (-6) 884 | -10/Mines | Discovered new exit (range 15) 1538 | -10/Mines | Discovered new exit (range 10) 1570 | -10/Mines | Met a Derelict shopkeep closing up shop 1843 | -10/Mines | Discovered new exit (range 10) 2023 | -10/Mines | Entered Materials 2023 | -9/Materials | Evolved 2 slots: Utility x2 2363 | -9/Materials | Destroyed 11 combat bots 2455 | -9/Materials | Discovered new exit (range 5) 2663 | -9/Materials | Lost 4 parts (2u2w) 2683 | -9/Materials | Identified exit to Mines 3056 | -9/Materials | Entered Mines 3183 | -9/Mines | Received a Mining Laser from a helpful Derelict 3393 | -9/Mines | Assembled infested the area 3451 | -9/Mines | Met 8R-AWN 3461 | -9/Mines | Discovered new exit (range 14) 3476 | -9/Mines | Found the Drone Emporium 3513 | -9/Mines | Found Prototype Device 3932 | -9/Mines | Learned 2 Materials zone layouts 3994 | -9/Mines | Discovered new exit (range 5) 4222 | -9/Mines | Discovered new exit (range 10) 4763 | -9/Mines | Entered Exiles 4825 | -9/Exiles | Welcomed by 8R-AWN 4864 | -9/Exiles | Met EX-HEX 4996 | -9/Exiles | Met EX-DEC 5306 | -9/Exiles | Met EX-BIN 5340 | -9/Exiles | Aligned with FarCom system 5343 | -9/Exiles | Given EX-Vault access code 5404 | -9/Exiles | Opened EX-Vault 5416 | -9/Exiles | Found Cloak of Protection 5466 | -9/Exiles | Warned to stay clear of 0b10 Research branches 5633 | -9/Exiles | Discovered new exit (range 14) 5670 | -9/Exiles | Left Exiles lab with Cloak of Protection 5670 | -9/Exiles | Entered Mines 5707 | -8/Mines | Discovered new exit (range 11) 5748 | -8/Mines | Core integrity fell below 50% 5969 | -8/Mines | Discovered new exit (range 9) 7031 | -8/Mines | Core integrity fell below 20% 7338 | -8/Mines | Lost 3 parts (1n1u1w) 7956 | -8/Mines | Entered Materials 7956 | -8/Materials | Evolved 2 slots: Propulsion x2 7956 | -8/Materials | Identified Thief Drone Bay 8677 | -8/Materials | Self-destructed Last Messages --------------- Terminal linked with 0 systems. Awaiting botnet instructions. >>Trojan(Assimilate) Trojan loaded successfully. Testing... System interface override in place. 08188_ Acquired Adv. Targeting Computer. 08210_ K-01 Serf collects debris. 08246_ Acquired Prototype Hover Unit. 08246_ Identified Aerolev Unit. 08248_ Dropped Aerolev Unit. 08324_ Acquired Imp. Light Armor Plating. 08376_ R-06 Scavenger collects Aerolev Unit. 08484_ K-01 Serf collects debris. 08668_ B-36 Bruiser suffers critical hit (Smash). 08668_ Destroyed Lgt. Treads. 08668_ B-36 Bruiser system corrupted by crushing effect. 08670_ Critical hit (Smash). 08671_ Arm. Treads destroyed. 08675_ Knocked back. Map ----- +----------------------------------------------------+ | ????????????????????????????????????????#####????? | | ?????????????????????????????????????????????????? | | ?????????????????????????????????????????????????? | | ??????????????????????????????????????????????#### | | ??????????????????????????????????????????????# | | ??????????????????????????????????????????????# | | ??????????????????????????????????????????????# | | ??????????????????????????###########???####### | | ??????????????????????????# ** #??? # | | ??????????????????????????# ** #??? # | | ??????????????????????????# ** #??? # "" | | ??????????????????????????# """ #????????????? | | ??????????????????????????# """ #????????????? | | ??????????????????????????# """ #????????????? | | ??????????????????????????# """ #???????" ???? | | ??????????????????????????# #?????? ????? | | ?????????????????????#########+###########+###???? | | ?????????????????????# #### ????? | | ????????????????###### ????? | | ??????????????+ g ^ ????? | | ???????????????########+##### =%#####?????? | | ??????????????????# g # ![/ "#???????? | | ??????????????????# # !//T"#???????? | | ??????????????????# b # ""#???????? | | ??????????????????# # !! [ !#####+####? | | ??????????????????# @ # %# #? | | ??????????????????# = # # #? | | ??????????????????# = ##"T"### + #? | | ??????????????????# == ##"""#?# # !#? | | ??????????????????################?# # ! #? | | ???????????????????????????????????# #[ ! #? | | ???????????????????????????????????#####! #? | | ???????????????????????????????????????#[ #? | | ???????????????????????????????????????# !#? | | ???????????????????????????????????????##########? | | ?????????????????????????????????????????????????? | | | | | | | | | | | | | | | | | | | | | | | | | | | | | +----------------------------------------------------+ Best States ------------- Heat Dissipation 38 Energy Generation 14 Energy Capacity 280 Matter Stores 300 Matter Capacity 300 Sight Range 16 Terrain Scan Density 10 ECM Strength 1 Armor Coverage 675 Propulsion Shielding 66 Utility Shielding 66 Evasion (%) 40 Recoil Reduction 3 Item Schematics ----------------- None Robot Schematics ------------------ None Fabricated ------------ Nothing Alien Tech Used ----------------- None Achievements -------------- None Challenges ------------ None Game ------ Seed SurgeThunderCycler Manual? 0 Play Time 00:29:43 Cumulative 104.5 hours Start 2024.11.17 @ 16:54:45 End 2024.11.17 @ 17:21:57 Sessions 1 Manual Loads 0 Difficulty Rogue Special Mode None Game No. 187 Rogue 187 Adventurer 0 Explorer 0 Win Type - Total 0 Types 0/0/0/0/0/0/0/0/0 Lore% 42 Gallery% 39 Achievement% 35 Wizard Run 0 Options --------- Layout 0 ASCII 0 Keyboard 0 Movement Mouse Keybinds 0 Fullscreen 1 Font 24/Cog Map View 91x25 Zoom Use 87% Tactical HUD 1 Map Filters NONE Filters NONE Steam 1 RUN: 11509c1c-6359-4b36-bc35-7cd30a47b7b1